 Dungeon Crawl Stone Soup version 0.27-a0-1119-gbf574a6a6b (webtiles) character file.

Game seed: 8171251699487320375

24 kodamatunes15 the Slasher (level 3, -3/29 HPs)
             Began as a Ghoul Gladiator on May 3, 2021.
             Slain by Terence
             ... wielding a +0 morningstar of holy wrath
              (4 damage)
             ... on level 2 of the Dungeon.
             The game lasted 00:08:18 (1080 turns).

kodamatunes15 the Slasher (Ghoul Gladiator)         Turns: 1080, Time: 00:08:19

Health: -3/29      AC: 12    Str: 17    XL:     3   Next: 2%
Magic:  2/2        EV:  7    Int:  3    God:
Gold:   34         SH:  0    Dex: 11    Spells: 2/2 levels left

rFire    . . .     SeeInvis .   a - +0 long sword
rCold    + + .     Faith    .   (no shield)
rNeg     + + +     Spirit   .   k - +2 chain mail {rC+}
rPois    ∞         Reflect  .   f - +0 helmet
rElec    .         Harm     .   (no cloak)
rCorr    .         Rampage  .   g - +0 pair of gloves
Will     .....                  (no boots)
Stlth    ..........             (no amulet)
HPRegen  0.00/turn              (no ring)
MPRegen  0.08/turn              (no ring)

@: no status effects
A: claws 1, cold resistance 1, negative energy resistance 3, inhibited
regeneration, torment resistance 2, unbreathing 1
a: no special abilities


You were on level 2 of the Dungeon.
You visited 1 branch of the dungeon, and saw 2 of its levels.

You collected 34 gold pieces.

Inventory:

Hand Weapons
 a - a +0 long sword (weapon)
 c - a +1 hand axe of freezing
Missiles
 d - 3 throwing nets (quivered)
 e - 43 stones
 j - 23 sling bullets
Armour
 f - a +0 helmet (worn)
 g - a +0 pair of gloves (worn)
 k - a +2 chain mail of cold resistance (worn)
Magical Staves
 l - a staff of earth
Jewellery
 b - a ring of poison resistance
Potions
 h - a potion of heal wounds {unknown}
 i - a potion of attraction {unknown}


   Skills:
 + Level 2.3 Fighting
 + Level 3.3 Long Blades
 + Level 2.0 Throwing
 + Level 2.9 Dodging


You had 2 spell levels left.
You didn't know any spells.
Your spell library was empty.

Dungeon Overview and Level Annotations

Branches:
Dungeon (2/15)

Altars:

Annotations:
D:2 Terence


Innate Abilities, Weirdness & Mutations

You thrive by killing the living.
You are immune to poison.
You have sharp fingernails.
Your flesh is cold resistant. (rC+)
You are immune to negative energy. (rN+++)
You do not regenerate when monsters are visible.
You are immune to unholy pain and torment.
You can survive without breathing.


Message History

You hit the frilled lizard.
You kill the frilled lizard!
e - 43 stones (gained 3)
Things that are here:
a +0 whip; a kobold corpse
There is a stone staircase leading down here.
You climb downwards.
Terence the Incautious comes into view.
He is wielding a +0 morningstar of holy wrath.
Terence shouts!
Found an escape hatch in the floor.
There is a stone staircase leading up here.
Found a thick runed staff.
You see here a staff of earth.
l - a staff of earth
Found 10 gold pieces.
Terence is nearby!
Found a stone staircase leading up.
Terence is nearby!
Terence hits you but does no damage.
You hit Terence but do no damage.
Terence hits you with a +0 morningstar of holy wrath.
You convulse!
You hit Terence.
Terence is lightly wounded.
Terence barely misses you. Terence hits you but does no damage.
You closely miss Terence.
Terence is lightly wounded.
Terence hits you with a +0 morningstar of holy wrath.
You convulse!
* * * LOW HITPOINT WARNING * * *
Unknown command.
You barely miss Terence.
Terence is lightly wounded.
Terence hits you but does no damage.
Your chain mail prevents you from hitting Terence.
Terence is lightly wounded.
Terence hits you with a +0 morningstar of holy wrath.
* * * LOW HITPOINT WARNING * * *
You convulse.
You die...

##.## #...#
#...# #. ... #.
.$. #. #.# #.
#.# #
#####.##.#.##..#
.......@..<....#
#####..@#####...
#....@..#
#....##.#
#....#.<#
#....#..#
####.#.>.
#.#.... #.#...@.


You could see Terence.

Vanquished Creatures
  A dart slug (D:1)
  2 ball pythons (D:1)
  An endoplasm (D:1)
  3 giant cockroaches (D:1)
  2 goblins (D:1)
  4 hobgoblins (D:1)
  3 bats (D:1)
  A frilled lizard (D:1)
  2 kobolds (D:1)
  A rat (D:1)
20 creatures vanquished.

Notes
Turn   | Place    | Note
-------+----------+-------------------------------------------
     0 | D:1      | kodamatunes15 the Ghoul Gladiator began the quest for the
                  | Orb.
     0 | D:1      | Reached XP level 1. HP: 17/17 MP: 0/0
   220 | D:1      | Reached skill level 3 in Long Blades
   220 | D:1      | Reached XP level 2. HP: 13/24 MP: 1/1
   935 | D:1      | Reached XP level 3. HP: 29/29 MP: 2/2
  1063 | D:2      | Noticed Terence
  1080 | D:2      | HP: 1/29 [Terence/+0 morningstar of holy wrath (3)]
  1080 | D:2      | Slain by Terence

Illustrated notes

Levels and vault maps discovered:
D:1:      arrival_zaba_pyramid, layout_basic
D:2:      minmay_recursive_quarters, layout_basic, serial_shops,
          nicolae_shop_crystal, hangedman_decor_points, uniq_sigmund,
          uniq_jessica, uniq_terence

Skill      XL: |  1  2 |
---------------+-------+-----
Long Blades    | 3 |  3.3
Throwing       | 2 |  2.0
Fighting       | |  2.3
Dodging        | |  2.9

Action                   || total
-------------------------++-------
Melee: Long sword        ||    56
  Use: Scroll            ||     2
Armor: Leather armour    ||    18
       Chain mail        ||    10
Dodge: Dodged            ||    33
       Rpst.: Long sword ||     7

Table legend: (Time is in decaauts)
 A = Elapsed time spent in this place.
 B = Non-inter-level travel time spent in this place.
 C = Inter-level travel time spent in this place.
 D = Time resting spent in this place.
 E = Time spent auto-exploring this place.
 F = Levels seen in this place.
 G = Mean time per level.
                   A        B        C        D        E       F      G
               +--------+--------+--------+--------+--------+-----+--------+
         Total |   1093 |    198 |    895 |      0 |      0 |   2 |  546.5 |
       Dungeon |   1093 |    198 |    895 |      0 |      0 |   2 |  546.5 |
               +--------+--------+--------+--------+--------+-----+--------+

Top non-repeatable levels by time:
     D:1: 1075 daAuts
     D:2: 17 daAuts
